AoeStats
← Mr_Fox

Arabia

510479261Analyzed
2v2 RM · 8h ago on Oct 1, 2026· 41m 6s· 4 players
Game mode
Random Map
Map size
Medium (4 player)
Population
200
Speed
Normal
Resources
Standard
Victory
Conquest
Starting age
Dark Age
Ending age
Imperial Age
RankedLock teamsTeams togetherTeam positionsShared explorationLock speedFull tech treeHidden civsTurbo modeCheats
Victory
Defeat
🇬🇹 Shu · Guatemala
1399
+18
🇬🇹 Persians · Guatemala
1395
+18
🇳🇿 Mongols · New Zealand
1459
-19
🇳🇿 Ethiopians · New Zealand
1410
-17
Balam
4:40 Loom
8:59 Feudal Age
11:03 Double-Bit Axe
15:18 Fletching
23:16 Castle Age
21:38 Gold Mining
21:28 Horse Collar
23:57 Bodkin Arrow
23:23 Crossbowman
24:33 Bow Saw
25:58 Padded Archer Armor
28:14 Leather Archer Armor
28:23 Ballistics
29:13 Wheelbarrow
31:25 Thumb Ring
Mr_Fox
5:46 Loom
6:34 Loom
9:00 Feudal Age
9:30 Town Watch
9:32 Double-Bit Axe
9:27 Horse Collar
17:46 Bloodlines
18:19 Scale Barding Armor
19:55 Forging
23:34 Castle Age
27:55 Chain Barding Armor
29:42 Wheelbarrow
29:09 Husbandry
30:58 Gold Mining
36:55 Iron Casting
Red Pill Bill
5:37 Loom
8:15 Feudal Age
9:16 Double-Bit Axe
13:05 Horse Collar
16:13 Scale Barding Armor
18:48 Wheelbarrow
20:41 Castle Age
18:57 Forging
19:50 Bloodlines
20:41 Light Cavalry
28:20 Bow Saw
28:10 Heavy Plow
28:01 Gold Mining
29:33 Chain Barding Armor
31:35 Fletching
32:14 Husbandry
33:06 Iron Casting
41:08 Imperial Age
39:05 Bodkin Arrow
39:11 Padded Archer Armor
39:33 Thumb Ring
Snonk
6:20 Loom
9:10 Feudal Age
11:12 Double-Bit Axe
18:04 Fletching
20:18 Padded Archer Armor
24:46 Castle Age
23:44 Horse Collar
24:51 Crossbowman
28:13 Bodkin Arrow
29:17 Leather Archer Armor
32:42 Ballistics
33:39 Thumb Ring
Connection lost

Rejoining the realm…

Still unreachable

The connection could not be restored.

Session expired

The server has moved on; the page needs a fresh start.